 Dungeon Crawl Stone Soup version 0.19-a0-593-gf2cdb02 (webtiles) character file.

594 Blunderbuss the Ogre Mage (level 7, -5/59 HPs)
             Began as an Ogre Earth Elementalist on June 10, 2016.
             Slain by an ogre
             ... wielding a +0 giant spiked club
              (8 damage)
             ... on level 4 of the Dungeon.
             The game lasted 00:13:51 (2950 turns).

Blunderbuss the Ogre Mage (Ogre Earth Elementalist) Turns: 2950, Time: 00:13:51

Health: -5/59      AC:  9    Str: 14    XL:     7   Next: 39%
Magic:  16/16      EV:  5    Int: 16    God:
Gold:   167        SH: 10    Dex: 10    Spells: 2 memorised, 14 levels left

rFire  . . .     SeeInvis .     i - +3 mace (protect)
rCold  . . .     Gourm    .     c - +0 robe
rNeg   . . .     Faith    .     a - +0 large shield
rPois  .         Spirit   .     (helmet restricted)
rElec  .         Dismiss  .     u - +0 cloak
rCorr  .         Reflect  .     (gloves unavailable)
SustAt .         Harm     +     (boots unavailable)
MR     .....                    r - amulet of harm
Stlth  +.........               (no ring)
                                (no ring)

@: not resistant to hostile enchantments, very unstealthy
A: unfitting armour, tough skin 1
a: no special abilities


You were on level 4 of the Dungeon.
You were full.

You visited 1 branch of the dungeon, and saw 4 of its levels.

You collected 167 gold pieces.

Inventory:

Hand Weapons
 i - a +3 mace of protection (weapon)
 v - a +2 mace of draining
Missiles
 b - 97 stones (quivered)
Armour
 a - a +0 large shield (worn)
 c - a +0 robe (worn)
 u - a +0 cloak (worn)
Jewellery
 f - an uncursed ring of ice {unknown}
 g - a cursed ring of teleportation
 h - an uncursed ring of protection from cold {unknown}
 r - an amulet of harm (around neck)
 t - an uncursed ring of protection from fire {unknown}
Scrolls
 j - a scroll of recharging {unknown}
 k - a scroll of noise
 n - 2 scrolls of remove curse {unknown}
 o - 4 scrolls of identify
 q - a scroll of teleportation {unknown}
 x - 3 scrolls of fear {unknown}
Potions
 l - a potion of brilliance {unknown}
 m - 2 potions of flight {unknown}
 p - a potion of degeneration {unknown}
 s - a potion of might {unknown}
 w - 3 potions of curing
 z - a potion of magic {unknown}
Books
 e - a book of Geomancy

   Spells                             Type                      Level
   a - Sandblast                      Earth                        1
   b - Passwall                       Transmutation/Earth          2
   c - Stone Arrow                    Conjuration/Earth            3
   d - Petrify                        Transmutation/Earth          4
   e - Lee's Rapid Deconstruction     Earth                        5
Comestibles
 d - 3 bread rations


   Skills:
 - Level 1.7 Dodging
 - Level 1.5 Stealth
 + Level 6.3 Spellcasting
   Level 0.6 Transmutations
 + Level 4.7 Earth Magic


You had 14 spell levels left.
You knew the following spells:

 Your Spells              Type           Power        Failure   Level  Hunger
a - Sandblast             Erth           ###...       58%         1    None
b - Stone Arrow           Conj/Erth      ##....       100%        3    ##.....


Dungeon Overview and Level Annotations

Branches:
Dungeon (4/15)
 Temple: D:4-7

Altars:
Dithmenos
Xom


Innate Abilities, Weirdness & Mutations

You are too large for most types of armour.
You have tough skin. (AC +1)


Message History

A jackal comes into view.
You see here a jackal corpse.
The jackal bites you.
You hit the jackal.
You kill the jackal!
Key pressed, stopping explore.
You see here a jackal corpse.
z - a fuming red potion You see here a jackal corpse.
o - 4 scrolls of identify (gained 1)
An ogre comes into view. It is wielding a giant spiked club.
Your shield prevents you from hitting the ogre.
The ogre shouts!
The ogre hits you with a giant spiked club!! x2
Ouch! That really hurt!
* * * LOW HITPOINT WARNING * * *
You hit the ogre.
The ogre is lightly wounded.
The ogre hits you with a giant spiked club!
You die...

###.# #.....##.###.##
#...# #.....##.##...##
#.### #.....##.#.#.#.#
#.# #.....##.....##.
#.#######.##.##...###.#
#.##.............#.#.##
#.##..####†#.###.##.##
#.##..#....#.###.######
#.....@O..†......# #..
####..#........### #.#
# #########
#..###..#.#.# #.# #
#.......# #.......#.#.#
#.# # #.#####.#
######....#.# #.#
####.#####.# #..###
######<. ........##.#
#..###.##......
####.##.##.#
#....[.##.####. #
#.##.##.#
#...#####.#####


You could see an ogre.

Vanquished Creatures
  An ogre (D:4)
  A phantom (D:4)
  2 crimson imps (D:3)
  An orc priest (D:3)
  Crazy Yiuf (D:3)
  Natasha (twice) (D:2)
  2 orc wizards (D:3)
  7 gnolls (D:3)
  5 adders
  An ooze (D:2)
  7 orcs (D:3)
  2 ball pythons
  5 giant cockroaches
  4 goblins
  8 hobgoblins
  7 jackals (D:4)
  A quokka (D:3)
  5 bats
  2 giant newts
  11 kobolds
  5 rats
80 creatures vanquished.

Notes
Turn   | Place    | Note
--------------------------------------------------------------
     0 | D:1      | Blunderbuss the Ogre Earth Elementalist began the quest for the Orb.
     0 | D:1      | Reached XP level 1. HP: 16/16 MP: 3/3
   138 | D:1      | Reached XP level 2. HP: 14/24 MP: 5/5
   442 | D:1      | Reached skill level 3 in Spellcasting
   521 | D:2      | Reached XP level 3. HP: 26/31 MP: 5/7
   526 | D:2      | Learned a level 3 spell: Stone Arrow
   957 | D:2      | Noticed Natasha
   982 | D:2      | Killed Natasha
   982 | D:2      | Reached XP level 4. HP: 22/39 MP: 1/9
  1004 | D:2      | Noticed Natasha
  1011 | D:2      | Killed Natasha
  1011 | D:2      | Reached skill level 4 in Spellcasting
  1202 | D:3      | Reached XP level 5. HP: 37/45 MP: 1/11
  1616 | D:3      | Reached XP level 6. HP: 31/53 MP: 1/13
  1621 | D:3      | Reached skill level 5 in Spellcasting
  1852 | D:3      | Found a shimmering altar of Xom.
  2085 | D:3      | Noticed Crazy Yiuf
  2095 | D:3      | Killed Crazy Yiuf
  2301 | D:4      | Found a shadowy altar of Dithmenos.
  2393 | D:4      | Noticed a phantom
  2424 | D:4      | Killed a phantom
  2424 | D:4      | Reached skill level 6 in Spellcasting
  2424 | D:4      | Reached XP level 7. HP: 46/59 MP: 2/16
  2471 | D:4      | HP: 2/59 [ogre/giant club (12)]
  2950 | D:4      | Slain by an ogre

Vault maps used:
D:1:      tarquinn_simple_flora_water_e, minmay_box_of_dots
D:2:      first_bread, uniq_natasha
D:3:      led_xom_imps, uniq_crazy_yiuf_cottage
D:4:      nicolae_dithmenos_the_darkroom

Skill      XL: |  1  2  3  4  5  6 |
---------------+-------------------+-----
Spellcasting   | 3 4 6 |  6.3
Earth Magic    | 3 4 |  4.7
Dodging        | |  1.7
Stealth        | |  1.5
Transmutations | |  0.6

Action                   |  1- 3 |  4- 6 |  7- 9 || total
-------------------------+-------+-------+-------++-------
Melee: Short sword       |    15 |       |       ||    15
       Mace              |    58 |   103 |    26 ||   187
 Cast: Sandblast         |    18 |    14 |     2 ||    34
       Stone Arrow       |     2 |    18 |       ||    20
  Use: Scroll            |     4 |     2 |       ||     6
       Potion            |       |     2 |       ||     2
 Stab: Sleeping          |     1 |     1 |       ||     2
  Eat: Meat ration       |       |     1 |       ||     1
       Beef jerky        |       |     3 |       ||     3
       Pizza             |       |     1 |       ||     1
       Fruit             |       |       |     3 ||     3
Armor: Robe              |    60 |    42 |    32 ||   134
Dodge: Dodged            |    81 |    81 |    10 ||   172
Block: Large shield      |       |     9 |    33 ||    42
